 Dungeon Crawl Stone Soup version 0.24.0-123-gd5b16e6ec5 (webtiles) character file.

Game seed: 12385882721288086218, levelgen mode: deterministic

5769 FishyPogo the Fighter (level 10, -1/163 HPs)
             Began as a Troll Berserker on Dec 23, 2019.
             Was a High Priest of Trog.
             Killed from afar by Erica (33 damage)
             ... with an orb of energy
             ... on level 10 of the Dungeon.
             The game lasted 00:13:28 (6860 turns).

FishyPogo the Fighter (Troll Berserker)             Turns: 6860, Time: 00:13:29

Health: -1/163     AC:  8    Str: 35    XL:     10   Next: 49%
Magic:  8/9        EV: 11    Int:  3    God:    Trog [*****.]
Gold:   457        SH:  0    Dex:  9    Spells: 9/9 levels left

rFire    . . .     SeeInvis .   o - +5 quarterstaff (chaos)
rCold    . . .     Gourm    +   (shield currently unavailable)
rNeg     . . .     Faith    .   a - +0 animal skin
rPois    .         Spirit   .   (helmet restricted)
rElec    .         Reflect  .   p - +1 cloak {+Inv}
rCorr    .         Harm     +   (gloves unavailable)
MR       .....                  (boots unavailable)
Stlth    ..........             E - amulet of harm
HPRegen  0.77/turn              (no ring)
MPRegen  0.11/turn              (no ring)

@: berserking (expiring), lethally poisoned (-1 -> -4), very slightly
contaminated, invisible (expiring), very quick
A: large, unfitting armour, claws 3, fast metabolism 3, gourmand, regeneration
1, shaggy fur 1, tough skin 3
a: Berserk, Trog's Hand, Brothers in Arms, Renounce Religion


You were on level 10 of the Dungeon.
You worshipped Trog.
Trog was extremely pleased with you.
You were full.

You visited 1 branch of the dungeon, and saw 10 of its levels.

You collected 457 gold pieces.

Inventory:

Hand Weapons
 g - a +1 dire flail of crushing
 o - a +5 quarterstaff of chaos (weapon)
Missiles
 d - 172 stones (quivered)
 i - 107 sling bullets
 l - 5 boomerangs of dispersal
 t - 4 boomerangs
 v - 47 poisoned darts
 w - 4 silver boomerangs
 C - 2 curare-tipped darts
Armour
 a - a +0 animal skin (worn)
 p - a +1 cloak of invisibility (worn)
Jewellery
 E - an amulet of harm (around neck)
Wands
 r - a wand of disintegration (8)
Scrolls
 c - 6 scrolls of identify
 f - 5 scrolls of magic mapping
 h - 9 scrolls of remove curse
 j - a scroll of amnesia {unknown}
 m - 5 scrolls of teleportation
 x - 2 scrolls of blinking {unknown}
 y - a scroll of fog
Potions
 k - a potion of heal wounds
 n - a potion of flight {unknown}
 q - 8 potions of lignification {unknown}
 s - a potion of agility {unknown}
 u - 2 potions of degeneration {unknown}
 z - a potion of mutation {unknown}
 A - a potion of ambrosia {unknown}
 B - a potion of magic {unknown}
 D - 2 potions of curing {unknown}
 F - a potion of cancellation {unknown}
Comestibles
 b - 13 rations


   Skills:
 * Level 9.7 Fighting
 - Level 5.0 Staves
   Level 2.8(4.1) Slings
 + Level 6.1(6.7) Throwing
 + Level 4.4 Dodging
 - Level 3.0 Unarmed Combat


You had 9 spell levels left.
You didn't know any spells.
Your spell library contained the following spells:

 Spells                   Type           Power        Failure   Level  Hunger
 Animate Skeleton         Necr           N/A          52%         1    ##.....
 Corona                   Hex            #......      52%         1    ##.....
 Pain                     Necr           #...         52%         1    ##.....
 Ensorcelled Hibernation  Hex/Ice        #.....       67%         2    ###....
 Confuse                  Hex            #.......     88%         3    ####...
 Dazzling Spray           Conj/Hex       #.....       88%         3    ####...
 Regeneration             Chrm/Necr      #.........   88%         3    ####...
 Tukima's Dance           Hex            #.......     88%         3    ####...
 Vampiric Draining        Necr           #.........   88%         3    ####...
 Animate Dead             Necr           N/A          99%         4    #####..


Dungeon Overview and Level Annotations

Branches:
Dungeon (10/15)            Temple (0/1) D:7
   Lair: D:8-11         Orc: D:9-12

Altars:
Cheibriados
Dithmenos
Fedhas
Gozag
Kikubaaqudgha
Makhleb
Qazlal
Trog
Uskayaw
Xom
Yredelemnul
Zin

Annotations:
D:10 Erica


Innate Abilities, Weirdness & Mutations

You are too large for most types of armour.
You have claws for hands.
Your metabolism is lightning-fast.
You like to eat raw meat.
Your natural rate of healing is unusually fast.
You are covered in fur. (AC +1)
You have extremely tough skin. (AC +3)


Message History

An orc comes into view. It is wielding a +0 flail.
The yak gores you.
* * * LOW HITPOINT WARNING * * *
You feel sick.
The centaur shoots an arrow.
The arrow hits Erica.
Unknown command.
You feel a strong urge to attack something.
You feel sick.
The orc shouts!
The yak gores you!
* * * LOW HITPOINT WARNING * * *
The centaur shoots an arrow.
The arrow hits the yak.
You bludgeon the yak!! You freeze the yak!
You kill the yak!
Trog accepts your kill.
Your life force feels restored.
You feel sick.
The orc shouts!
Erica casts a spell at you. The orb of energy hits you!!
You die...

.#............
.............#.#
#............#..
...............
.............
#.((........ .
#...).......
...#..@§.§.....
.......(@(.###..
..##...(§(.#
#...Y.(c.....
##....Y......
.........o...
...............
####...........
###......#..


You could see Erica, 2 yaks, a centaur and an orc (wandering).

Vanquished Creatures
  Nergalle (D:10)
  A troll (D:9)
  3 hippogriffs
  A shadow (D:8)
  A spriggan (D:9)
  A wyvern (D:9)
  A yak (D:10)
  Purgy (D:3)
  5 sky beasts
  An orc warrior (D:9)
  3 phantoms
  2 ice beasts
  7 ogres
  2 centaurs
  Blork the orc (D:6)
  A big kobold (D:7)
  3 bullfrogs
  A wyvern skeleton (D:7)
  11 killer bees (D:9)
  5 howler monkeys
  2 crimson imps (D:8)
  2 hounds
  A bullfrog zombie (D:7)
  A jelly (D:5)
  A bullfrog skeleton (D:7)
  Crazy Yiuf (D:2)
  4 orc priests
  3 iguanas
  3 orc wizards
  4 worker ants
  A killer bee zombie (D:8)
  A hound skeleton (D:6)
  A worker ant zombie (D:7)
  4 gnolls (D:8)
  9 adders
  2 shadow imps
  An ooze (D:3)
  3 adder skeletons
  An adder zombie (D:5)
  6 worms
  4 dart slugs
  3 leopard geckos
  32 orcs
  7 bats
  A bat zombie (D:2)
  8 giant cockroaches
  6 goblins
  3 hobgoblins
  7 jackals
  2 quokkas (D:6)
  3 ball pythons
  8 frilled lizards
  11 kobolds
  A quokka skeleton (D:7)
  6 rats
  A rat zombie (D:2)
  A plant (D:3)
207 creatures vanquished.

Notes
Turn   | Place    | Note
-------+----------+-------------------------------------------
     0 | D:1      | FishyPogo the Troll Berserker began the quest for the Orb.
     0 | D:1      | Reached XP level 1. HP: 22/22 MP: 0/0
    68 | D:1      | Reached XP level 2. HP: 29/29 MP: 1/1
   291 | D:1      | Reached skill level 3 in Fighting
   297 | D:1      | Reached XP level 3. HP: 30/37 MP: 2/2
   773 | D:2      | Found a basalt altar of Yredelemnul.
   871 | D:2      | Reached ** piety under Trog
   974 | D:2      | Found a snail-covered altar of Cheibriados.
  1205 | D:2      | Found an ancient bone altar of Kikubaaqudgha.
  1333 | D:2      | Found a shadowy altar of Dithmenos.
  1333 | D:2      | Found a burning altar of Makhleb.
  1563 | D:2      | Found a runed translucent door.
  1564 | D:2      | Noticed Crazy Yiuf
  1571 | D:2      | Killed Crazy Yiuf
  1571 | D:2      | Reached XP level 4. HP: 48/48 MP: 3/3
  1696 | D:3      | Reached skill level 1 in Staves
  1795 | D:3      | Reached skill level 4 in Fighting
  1795 | D:3      | Reached XP level 5. HP: 51/54 MP: 4/4
  2006 | D:3      | Noticed Purgy
  2024 | D:3      | Killed Purgy
  2382 | D:4      | Reached XP level 6. HP: 59/63 MP: 5/5
  2902 | D:4      | Found a stormy altar of Qazlal.
  2979 | D:5      | Entered Level 5 of the Dungeon
  3038 | D:5      | Found a bloodstained altar of Trog.
  3098 | D:5      | Found a hide-covered altar of Uskayaw.
  3121 | D:5      | Noticed an ice beast
  3132 | D:5      | Killed an ice beast
  3132 | D:5      | Reached XP level 7. HP: 36/71 MP: 6/6
  3194 | D:5      | Reached skill level 5 in Fighting
  3196 | D:5      | Reached *** piety under Trog
  3265 | D:5      | Reached skill level 1 in Slings
  3950 | D:6      | Reached XP level 8. HP: 80/80 MP: 7/7
  4233 | D:6      | Noticed Blork the orc
  4244 | D:6      | Killed Blork the orc
  4244 | D:6      | Reached skill level 5 in Staves
  4311 | D:6      | Found a hide-covered altar of Uskayaw.
  4438 | D:7      | Reached skill level 1 in Throwing
  4482 | D:7      | Reached skill level 6 in Fighting
  4514 | D:7      | Reached **** piety under Trog
  4577 | D:7      | Noticed a hippogriff
  4581 | D:7      | Killed a hippogriff
  4594 | D:7      | Found a staircase to the Ecumenical Temple.
  4633 | D:7      | Found a blossoming altar of Fedhas.
  4879 | D:7      | Reached skill level 7 in Fighting
  4879 | D:7      | Reached XP level 9. HP: 77/93 MP: 8/8
  5113 | D:8      | Reached skill level 8 in Fighting
  5565 | D:8      | Found an opulent altar of Gozag.
  5599 | D:8      | Found a shimmering altar of Xom.
  5825 | D:9      | Reached ***** piety under Trog
  5825 | D:9      | Received a gift from Trog
  5825 | D:9      | Reached skill level 5 in Throwing
  6070 | D:9      | Reached XP level 10. HP: 87/106 MP: 9/9
  6149 | D:9      | Reached skill level 9 in Fighting
  6342 | D:9      | Found a glowing silver altar of Zin.
  6371 | D:9      | Received a gift from Trog
  6838 | D:10     | Entered Level 10 of the Dungeon
  6838 | D:10     | Noticed Nergalle
  6839 | D:10     | Noticed Erica
  6857 | D:10     | Killed Nergalle
  6860 | D:10     | Killed from afar by Erica

Levels and vault maps discovered:
D:1:      lordsloth_arrival_two_stooges, layout_basic
D:2:      layout_loops_cross, yredelemnul_altar_generic,
          nicolae_overflow_crystal_walls, lemuel_zombie_altar_kikubaaqudgha,
          grunt_temple_overflow_open, chequers_avenue, mrwooster_statue_mirror,
          kennysheep_generic_room_2, uniq_crazy_yiuf_cottage
D:3:      cheibrodos_old_hovel, layout_basic, first_ration, grunt_decor_clamped,
          uniq_purgy
D:4:      layout_gridville, nicolae_qazlal_general_emergency
D:5:      kennysheep_spiral_hall, layout_basic, old_standard_altar,
          kennysheep_mini_moat
D:6:      layout_rooms, basic_altar, uniq_blork_the_orc
D:7:      layout_rooms, overflow_temple_1_default,
          minmay_temple_entry_glassed_door
D:8:      layout_basic, nicolae_overflow_hidden_temple, basic_altar
D:9:      layout_basic, kennysheep_mini, the_bakery
D:10:     layout_cave_pools, gammafunk_ghost_necromancy, uniq_nergalle,
          uniq_erica

Skill      XL: |  1  2  3  4  5  6  7  8  9 10 |
---------------+-------------------------------+-----
Fighting       | 3 4 5 7 8 9 |  9.7
Dodging        | 3 4 |  4.4
Staves         | 1 2 4 5 |  5.0
Slings         | 2 |  2.8
Throwing       | 3 5 6 |  6.1
Unarmed Combat | |  3.0

Action                   |  1- 3 |  4- 6 |  7- 9 | 10-12 || total
-------------------------+-------+-------+-------+-------++-------
Melee: Unarmed           |    84 |       |       |       ||    84
       Quarterstaff      |       |   121 |   208 |    84 ||   413
 Fire: Hunting sling     |       |       |   175 |       ||   175
Invok: Berserk           |     1 |     2 |     1 |     3 ||     7
 Abil: Evoke Invisibilit |       |       |       |     1 ||     1
  Use: Scroll            |       |       |     6 |       ||     6
       Potion            |       |       |       |     1 ||     1
 Stab: Confused          |       |       |     1 |       ||     1
       Paralysed         |       |       |     1 |       ||     1
  Eat: Chunk             |    18 |    19 |    24 |    12 ||    73
Armor: Animal skin       |    36 |    58 |   123 |    39 ||   256
Dodge: Dodged            |    36 |    60 |   180 |    70 ||   346
